 Dungeon Crawl Stone Soup version 0.17.1-2-g5865329 (webtiles) character file.

229 Goblin1989 the Cudgeler (level 6, 0/35 HPs)
             Began as a Gargoyle Gladiator on Jan 24, 2016.
             Slain by an orc warrior
             ... wielding a +0 flail
              (11 damage)
             ... on level 4 of the Dungeon.
             The game lasted 00:06:41 (4015 turns).

Goblin1989 the Cudgeler (Gargoyle Gladiator)        Turns: 4015, Time: 00:06:41

Health: 0/35       AC: 14    Str: 18    XL:     6   Next: 3%
Magic:  6/6        EV:  7    Int:  9    God:
Gold:   218        SH:  0    Dex: 12    Spells: 0 memorised, 5 levels left

rFire  . . .     SeeInvis .     a - +0 flail
rCold  . . .     Clarity  .     q - +0 chain mail
rNeg   + . .     SustAt   .     (no shield)
rPois  ∞         Gourm    .     c - +0 helmet
rElec  +         Spirit   .     (no cloak)
rCorr  .         Warding  .     (no gloves)
rMut   .         Stasis   .     b - +0 pair of boots
MR     .....                    (no amulet)
Stlth  ..........               (no ring)
                                (no ring)

@: not resistant to hostile enchantments, extremely unstealthy
A: negative energy resistance 1, electricity resistance, unbreathing,
petrification resistance, rot immunity, AC +4
a: no special abilities


You were on level 4 of the Dungeon.
You were hungry.

You visited 1 branch of the dungeon, and saw 4 of its levels.

You collected 218 gold pieces.

Inventory:

Hand Weapons
 a - a +0 flail (weapon)
Missiles
 d - 3 throwing nets (quivered)
 f - 22 poisoned needles
 m - 8 exploding tomahawks
Armour
 b - a +0 pair of boots (worn)
 c - a +0 helmet (worn)
 q - a +0 chain mail (worn)
Jewellery
 i - an uncursed ring of ice {unknown}
Scrolls
 g - 2 scrolls of enchant armour {unknown}
 h - 4 scrolls of remove curse {unknown}
 p - 4 scrolls of identify {unknown}
 u - 3 scrolls of magic mapping {unknown}
 v - a scroll of blinking {unknown}
 y - a scroll of random uselessness {unknown}
 C - a scroll of fear {unknown}
Potions
 j - 2 potions of cancellation {unknown}
 k - 2 potions of haste {unknown}
 n - a potion of degeneration {unknown}
 o - a potion of agility {unknown}
 r - 2 potions of flight {unknown}
 s - a potion of heal wounds {unknown}
 w - 2 potions of magic {unknown}
 x - a potion of berserk rage {unknown}
 z - a potion of poison {unknown}
 B - a potion of invisibility {unknown}
Comestibles
 e - 3 bread rations
 l - 4 meat rations
 t - a beef jerky
 A - 3 fruits


   Skills:
 - Level 2.1 Fighting
 + Level 6.5 Maces & Flails
 - Level 1.7 Throwing
 - Level 2.4 Dodging


You had 5 spell levels left.
You didn't know any spells.

Dungeon Overview and Level Annotations

Branches:
Dungeon (4/15)
 Temple: D:4-7

Altars:
Ru
Xom


Innate Abilities, Weirdness & Mutations

You are resistant to torment.
Your stone body is resilient (AC +4).
You are immune to poison.
You resist negative energy.
You are resistant to electric shocks.
You can survive without breathing.
You are immune to petrification.
You are immune to rotting.


Message History

The orc warrior is moderately wounded.
You closely miss the orc warrior.
The orc warrior is moderately wounded.
The orc warrior hits you but does no damage.
The orc hits you but does no damage.
You closely miss the orc warrior.
The orc warrior is moderately wounded.
The orc hits you from afar with a trident.
The orc warrior barely misses you.
You closely miss the orc warrior.
The orc warrior is moderately wounded.
The orc hits you but does no damage. The orc warrior hits you with a flail.
Your chain mail prevents you from hitting the orc warrior.
The orc warrior is moderately wounded.
The orc closely misses you. The orc warrior barely misses you.
You barely miss the orc warrior.
The orc warrior is moderately wounded.
The orc hits you from afar with a trident.
The orc warrior hits you with a flail!
You die...

#.# .#........
#.# ..###.###.
#.####.#.## #)
##.#####.# #.
#......#.#####.
#..###......)..
#..# ###.......
#######..#
#....###
#ooo@....#
#.#.##
#o#####.##
#.#.# #.# ..#.#
#.# .###.# ..#
#. #.# ..# #.
.##


You could see an orc warrior and 3 orcs.

Vanquished Creatures
  2 orc wizards (D:3)
  7 adders
  An ooze (D:1)
  2 worms
  4 giant geckos
  8 orcs
  A ball python (D:2)
  4 giant cockroaches
  7 goblins
  7 hobgoblins
  A quokka (D:3)
  11 bats
  2 giant newts
  7 kobolds
  6 rats
70 creatures vanquished.

Vanquished Creatures (others)
  An orc wizard (D:3)
1 creature vanquished.

Grand Total: 71 creatures vanquished

Notes
Turn   | Place    | Note
--------------------------------------------------------------
     0 | D:1      | Goblin1989 the Gargoyle Gladiator began the quest for the Orb.
     0 | D:1      | Reached XP level 1. HP: 12/12 MP: 1/1
    45 | D:1      | Reached XP level 2. HP: 8/17 MP: 2/2
   738 | D:1      | Reached skill level 4 in Maces & Flails
   903 | D:1      | Reached XP level 3. HP: 21/21 MP: 3/3
  1449 | D:2      | Reached XP level 4. HP: 24/26 MP: 4/4
  1468 | D:2      | Reached skill level 5 in Maces & Flails
  2028 | D:2      | Found a shimmering altar of Xom.
  2028 | D:2      | Found a sacrificial altar of Ru.
  2574 | D:3      | Reached XP level 5. HP: 11/30 MP: 5/5
  2907 | D:3      | Reached skill level 6 in Maces & Flails
  3786 | D:3      | Reached XP level 6. HP: 35/35 MP: 6/6
  4015 | D:4      | Slain by an orc warrior

Action                   |  1- 3 |  4- 6 || total
-------------------------+-------+-------++-------
Melee: Flail             |   129 |   200 ||   329
  Eat: Chunk             |     1 |     4 ||     5
       Bread ration      |       |     1 ||     1
